 Dungeon Crawl Stone Soup version 0.32-a0-975-g85d4e5bfdb (webtiles) character file.

Game seed: 11865213688828555905

83 Maxmaps the Cutter (level 4, -1/34 HPs)
             Began as a Demonspawn Shapeshifter on Apr 19, 2024.
             Slain by a goblin
             ... wielding a +0 club
             ... led by Robin
              (4 damage)
             ... on level 3 of the Dungeon.
             The game lasted 00:01:16 (1345 turns).

Maxmaps the Cutter (Demonspawn Shapeshifter)        Turns: 1345, Time: 00:01:17

Health: -1/34      AC:  2    Str: 14    XL:     4   Next: 22%
Magic:  4/4        EV: 11    Int: 13    God:
Gold:   98         SH:  0    Dex: 12    Spells: 3/3 levels left

rFire   . . .        k - +1 dagger (elec)
rCold   . . .        (no shield)
rNeg    . . .        a - +0 animal skin
rPois   .            (helmet currently unavailable)
rElec   .            (cloak currently unavailable)
rCorr   .            (gloves currently unavailable)
SInv    .            (boots currently unavailable)
Will    .....        (no amulet)
Stlth   +            (no ring)
HPRegen 0.25/turn    (no ring)
MPRegen 0.09/turn

%: no passive effects
@: beast-form
A: beast (slay +1), demonic guardian 1
a: Begin Untransformation


You were on level 3 of the Dungeon.
You were a hulking beast.
You visited 1 branch of the dungeon, and saw 3 of its levels.

You collected 98 gold pieces.

Inventory:

Hand Weapons
 k - a +1 dagger of electrocution (weapon)
Armour
 a - a +0 animal skin (worn)
Talismans
 c - a beast talisman (active)
 d - a flux talisman
Scrolls
 f - 4 scrolls of teleportation {unknown}
 h - a scroll of poison {unknown}
 i - a scroll of fear {unknown}
 j - 2 scrolls of identify {unknown}
 l - a scroll of immolation {unknown}
Potions
 b - a potion of lignification
 e - 5 potions of curing {unknown}
 g - 2 potions of enlightenment {unknown}
 m - a potion of heal wounds {unknown}
 n - a potion of degeneration {unknown}


   Skills:
 - Level 2.5 Fighting
 + Level 2.7 Short Blades
 - Level 1.7 Dodging
 - Level 2.6 Unarmed Combat
 - Level 2.6 Shapeshifting


You had 3 spell levels left.
You didn't know any spells.
Your spell library was empty.

Dungeon Overview and Level Annotations

Branches:
Dungeon (3/15)

Altars:

Annotations:
D:3 Robin


Innate Abilities, Weirdness & Mutations

You are a hulking beast.
Your limbs bulge with bestial killing power. (Slay +1)
A weak demonic guardian rushes to your aid.


Message History

The goblin closely misses you.
You closely miss the goblin.
The orc shouts!
The goblin hits you with a +0 dagger. The goblin closely misses you.
You closely miss the goblin. The goblin closely misses you.
An endoplasm comes into view.
Robin throws the goblin at you! The goblin hits you with a +0 club.
You barely miss the goblin. The goblin closely misses you.
The goblin barely misses you. The goblin hits you with a +0 club.
* * * LOW HITPOINT WARNING * * *
Unknown command.
You closely miss the goblin. The goblin hits you but does no damage.
The goblin barely misses you.
You hit the goblin.
The goblin is severely wounded.
The goblin closely misses you.
The goblin hits you but does no damage. x2
You hit the goblin. Lightning courses through the goblin!
You kill the goblin!
The goblin misses you.
You miss the goblin. The goblin hits you but does no damage.
The goblin completely misses you.
You hit the goblin.
The goblin is severely wounded.
The goblin closely misses you. Robin throws the goblin at you!
The goblin hits you with a +0 club.
* * * LOW HITPOINT WARNING * * *
Unknown command.
You closely miss the goblin.
The goblin is severely wounded.
The goblin hits you with a +0 club.
* * * LOW HITPOINT WARNING * * *
A demonic guardian appears!
The goblin misses you. The goblin barely misses you.
You hit the goblin.
The goblin is moderately wounded.
The goblin no longer looks unusually strong.
The goblin hits you with a +0 club.
* * * LOW HITPOINT WARNING * * *
The goblin hits you with a +0 club.
You die...

#......ogr #......ggg
.....ogg. .oog.....
#gr...$l. #gl....# #o#
# #g# ....###h## ###
#....g5g# #..
#..)#.#5#############..
### #.#..........<.....
..###############.. ..#
### #.. ###


You could see Robin, 3 orcs, a quokka, a hobgoblin (strong), 4 goblins, a
frilled lizard, a friendly quasit (summoned) and a friendly shadow imp
(summoned).

Vanquished Creatures
  Jessica (D:2)
  2 adders (D:2)
  A dart slug (D:1)
  2 bats
  6 endoplasms
  A giant cockroach (D:1)
  A goblin (D:3)
  4 hobgoblins
  2 kobolds
  2 quokkas
  3 ball pythons
  5 frilled lizards
  3 rats
33 creatures vanquished.

Vanquished Creatures (collateral kills)
  A bat (D:1)
  A goblin (D:3)
  A rat (D:1)
3 creatures vanquished.

Grand Total: 36 creatures vanquished

Notes
Turn   | Place    | Note
-------+----------+-------------------------------------------
     0 | D:1      | Maxmaps the Demonspawn Shapeshifter began the quest for the
                  | Orb.
     0 | D:1      | Reached XP level 1. HP: 15/15 MP: 1/1
   199 | D:1      | Gained mutation: A weak demonic guardian rushes to your
                  | aid. [demonic ancestry]
   199 | D:1      | Reached XP level 2. HP: 22/22 MP: 2/2
   714 | D:2      | Reached skill level 1 in Short Blades
   723 | D:2      | Reached XP level 3. HP: 5/28 MP: 3/3
   860 | D:2      | Noticed Jessica
   867 | D:2      | Killed Jessica
  1045 | D:2      | Reached XP level 4. HP: 31/34 MP: 4/4
  1322 | D:3      | Noticed Robin
  1345 | D:3      | Slain by a goblin

Illustrated notes

Levels and vault maps discovered:
D:1:      dpeg_arrival_connections, layout_rooms
D:2:      layout_rooms, uniq_jessica
D:3:      kennysheep_goblin_castle, layout_rooms, uniq_robin, uniq_grinder,
          uniq_natasha

Skill      XL: |  1  2  3 |
---------------+----------+-----
Fighting       | 2 |  2.5
Short Blades   | 1 2 |  2.7
Dodging        | |  1.7
Unarmed Combat | |  2.6
Shapeshifting  | |  2.6

Action                     |  1- 3 |  4- 6 || total
---------------------------+-------+-------++-------
  Melee: Unarmed           |    37 |       ||    37
         Dagger            |    41 |    29 ||    70
 Armour: Animal skin       |    50 |    24 ||    74
  Dodge: Dodged            |    39 |    22 ||    61

Table legend: (Time is in decaauts)
 A = Elapsed time spent in this place.
 B = Non-inter-level travel time spent in this place.
 C = Inter-level travel time spent in this place.
 D = Time resting spent in this place.
 E = Time spent auto-exploring this place.
 F = Levels seen in this place.
 G = Mean time per level.
                   A        B        C        D        E       F      G
               +--------+--------+--------+--------+--------+-----+--------+
         Total |   1336 |   1230 |    106 |    130 |    856 |   3 |  445.3 |
       Dungeon |   1336 |   1230 |    106 |    130 |    856 |   3 |  445.3 |
               +--------+--------+--------+--------+--------+-----+--------+

Top non-repeatable levels by time:
     D:2: 657 daAuts
     D:1: 599 daAuts
     D:3: 79 daAuts
